 Dungeon Crawl Stone Soup version 0.27-a0-676-gc1da3516c2 (webtiles) character file.

Game seed: 8279763526441795771

36601 GordonOverkill the Warrior (level 13, -5/115 HPs)
             Began as a Barachi Brigand on Mar 18, 2021.
             Was a Believer of Uskayaw.
             Slain by a minotaur
             ... wielding the +11 plutonium sword {*Contam Stlth-}
              (14 damage)
             ... in a Gauntlet.
             The game lasted 00:43:49 (23533 turns).

GordonOverkill the Warrior (Barachi Brigand)       Turns: 23533, Time: 00:43:50

Health: -5/115     AC: 24    Str: 28    XL:     13   Next: 91%
Magic:  18/18      EV: 11    Int: 13    God:    Uskayaw [**....]
Gold:   851        SH:  0    Dex: 18    Spells: 12/12 levels left

rFire    + . .     SeeInvis .   n - +2 scimitar (flame)
rCold    x . .     Faith    .   (no shield)
rNeg     . . .     Spirit   .   U - +1 plate armour {rPois}
rPois    +         Reflect  .   l - +2 helmet
rElec    +         Harm     .   L - +2 cloak
rCorr    .         Rampage  .   x - +1 pair of gloves {Str+3}
Will     .....     NoTele   +   M - +1 pair of boots
Stlth    ..........             o - amulet of the acrobat
HPRegen  0.29/turn              T - ring "Hoezoesk" {Fire rElec Str+2 Dex+5}
MPRegen  0.16/turn              w - +6 ring of strength

@: mighty, can't hop, very slightly contaminated, hasted, invisible, quick
A: +LOS, amphibious, slowness 1, strong legs 2
a: Hop, Renounce Religion, Stomp, Line Pass


You were in a Gauntlet.
You worshipped Uskayaw.
Uskayaw was noncommittal.
You visited 2 branches of the dungeon, and saw 15 of its levels.
You also visited: Gauntlet.

You collected 961 gold pieces.
You spent 110 gold pieces at shops.

Inventory:

Hand Weapons
 k - a +2 dagger of electrocution
 n - a +2 scimitar of flaming (weapon)
 y - a +3 scimitar
Missiles
 d - 31 poisoned darts
 q - 31 boomerangs
Armour
 l - a +2 helmet (worn)
 x - a +1 pair of gloves of strength (worn)
 A - a +1 hat of see invisible
 L - a +2 cloak (worn)
 M - a +1 pair of boots (worn)
 U - a +1 plate armour of poison resistance (worn)
Jewellery
 o - an amulet of the acrobat (around neck)
 s - a ring of flight
 t - a ring of ice
 w - a +6 ring of strength (left hand)
 K - a ring of resist corrosion
 T - the ring "Hoezoesk" (right hand) {Fire rElec Str+2 Dex+5}
   (You found it in a Gauntlet)

   [ring of fire]

   It enhances your fire magic.
   It affects your strength (+2).
   It affects your dexterity (+5).
   It protects you from fire.
   It makes you vulnerable to cold.
   It insulates you from electricity.
Wands
 a - a wand of flame (65)
 c - a wand of digging (5)
 H - a wand of polymorph (22) (quivered)
 J - a wand of iceblast (6)
 S - a wand of acid (4)
Scrolls
 f - 5 scrolls of magic mapping
 h - a scroll of brand weapon {unknown}
 j - a scroll of summoning {unknown}
 r - 8 scrolls of teleportation
 v - a scroll of fear
 C - 2 scrolls of fog
 F - 2 scrolls of immolation
 G - a scroll of enchant weapon
 N - a scroll of blinking
 O - a scroll of noise {unknown}
 R - a scroll of acquirement {unknown}
Potions
 b - 2 potions of magic
 e - a potion of degeneration
 g - a potion of mutation
 i - 5 potions of curing
 m - 4 potions of lignification
 p - 3 potions of brilliance
 u - 3 potions of flight
 D - a potion of cancellation
 I - a potion of berserk rage {unknown}
 P - a potion of haste


   Skills:
 + Level 15.1 Fighting
 - Level 10.0(11.9) Short Blades
 + Level 11.8(13.4) Long Blades
 + Level 8.4 Throwing
 - Level 5.0 Armour
 + Level 7.8 Dodging
 - Level 4.0 Stealth
 + Level 7.4 Invocations
 + Level 2.7 Evocations


You had 12 spell levels left.
You didn't know any spells.
Your spell library contained the following spells:

 Spells                   Type           Power      Damage    Failure   Level
 Beastly Appendage        Tmut           0%         N/A       98%         1
 Wereblood                Tmut           0%         N/A       99%         2
 Spider Form              Tmut/Pois      0%         N/A       100%        3
 Ice Form                 Ice/Tmut       0%         N/A       100%        4
 Blade Hands              Tmut           0%         N/A       100%        5


Dungeon Overview and Level Annotations

Branches:
Dungeon (11/15)              Lair (4/6) D:11         Shoals (0/4) Lair:2
 Spider (0/4) Lair:3      Gauntlet (1/1)
 Temple: D:4-7          Orc: D:9-12

Altars:
Ashenzari
Elyvilon
Hepliaklqana
Kikubaaqudgha
Ru
Trog
Uskayaw
Vehumet
Xom
Zin
Beogh

Shops:
D:5 *   D:6 (

Annotations:
D:9 3 runed translucent doors, Astera's ghost, novice GnWn Gauntlet 4 transporters


Innate Abilities, Weirdness & Mutations

You can be seen from farther away. (+LOS)
You are amphibious.
You cover ground slowly.
You can hop long distances.


Message History

The minotaur gores you!
* * * LOW HITPOINT WARNING * * *
Unknown command.
Hop to where?
Press: ? - help, Dir - move target, p - minotaur Boing!
You feel yourself speed up.
You can no longer pass through a line of other dancers.
The minotaur throws a silver javelin.
The silver javelin completely misses you.
As you read the scroll of fog, it crumbles to dust.
The scroll dissolves into smoke.
The minotaur throws a silver javelin.
You feel much better.
You feel very mighty all of a sudden.
You feel as though your hastened speed will last longer.
Unknown command.
You closely miss the minotaur.
The minotaur is moderately wounded.
The minotaur hits you with the +11 plutonium sword {*Contam Stlth-}!!!
* * * LOW HITPOINT WARNING * * *
The minotaur gores you but does no damage.
You feel much better.
Okay, then.
Unknown command.
Unknown command.
Unknown command.
You slash the minotaur! You burn the minotaur.
The minotaur is heavily wounded.
The minotaur hits you with the +11 plutonium sword {*Contam Stlth-}!!!
* * * LOW HITPOINT WARNING * * *
The minotaur gores you.
* * * LOW HITPOINT WARNING * * *
You slash the minotaur! You burn the minotaur.
The minotaur is severely wounded.
You can now pass through a line of other dancers.
You slash the minotaur! You burn the minotaur.
The minotaur is almost dead.
The minotaur hits you with the +11 plutonium sword {*Contam Stlth-}!
You die...

########...#≈≈≈#
..#©..8#...#...#
8.#...©#.8.#...#
..#©..8#.⌠.#.8.#############
########.8.#.©.##........H.#
...©...#...#.8.##.########.#
.###...#...#.©.##.#......#.#
.###...#.8.#.8.##H#H####(#.#
.###...#.∩.#.©..@.#.#∩H..#§#
..)©##.#.8.#.8.####H######H#
.#..##.#...#.©.# #..§§§§§§#
.......#...#.8.# ##########
########.8.#.©.#
..#©..8#.⌠.#.8.#
8.#...©#.8.#...#
..#©..8#...#...#
########...#≈≈≈#


You could see a minotaur.

Vanquished Creatures
  A sphinx (D:10)
  Gastronok (Lair:2)
  Nessos (Lair:4)
  A hydra (Lair:3)
  A hell beast (Gauntlet)
  Erica (D:8)
  2 two-headed ogres
  4 death yaks (Gauntlet)
  A queen ant (Gauntlet)
  2 unseen horrors
  An orange crystal statue (Gauntlet)
  A necromancer (Gauntlet)
  2 cyclopes (D:11)
  A manticore (D:7)
  5 black mambas
  14 elephants
  9 cane toads
  2 komodo dragons
  3 trolls
  2 polar bears
  Grinder (D:4)
  A queen bee (Gauntlet)
  Prince Ribbit (D:6)
  A hornet (D:11)
  12 blink frogs
  13 yaks
  A basilisk (D:11)
  3 wyverns
  5 soldier ants (Gauntlet)
  5 water moccasins
  A hell hound (Gauntlet)
  4 orc warriors
  3 ice beasts (D:10)
  3 black bears
  A hornet zombie (D:9)
  3 sky beasts
  A necrophage (D:10)
  14 wolves
  2 ogres
  A phantom (D:10)
  2 centaurs (D:7)
  2 kobold brigands (D:11)
  12 bullfrogs
  A wyvern zombie (D:7)
  A scorpion (D:10)
  A water moccasin skeleton (D:7)
  17 killer bees
  7 wights
  2 bullfrog zombies
  A centaur zombie (D:5)
  A quasit (D:10)
  4 centaur skeletons
  4 hounds
  5 orc priests
  3 jellies
  5 iguanas
  8 orc wizards
  Natasha (thrice) (D:4)
  5 worker ants
  A hound zombie (D:11)
  A howler monkey zombie (D:8)
  Robin (D:2)
  3 gnolls
  16 adders
  A white imp (D:5)
  4 ufetubi
  2 oozes (D:1)
  An adder skeleton (D:6)
  2 worms
  2 dart slugs
  5 leopard geckos
  61 orcs
  3 giant cockroaches
  12 goblins
  14 hobgoblins
  4 jackals (D:1)
  19 kobolds
  8 quokkas
  A ball python (D:1)
  6 bats
  3 frilled lizards
  A leopard gecko skeleton (D:4)
  8 rats
394 creatures vanquished.

Vanquished Creatures (others)
  21 fungi
  23 plants
44 creatures vanquished.

Grand Total: 438 creatures vanquished

Notes
Turn   | Place    | Note
-------+----------+-------------------------------------------
     0 | D:1      | GordonOverkill the Barachi Brigand began the quest for the
                  | Orb.
     0 | D:1      | Reached XP level 1. HP: 17/17 MP: 1/1
   125 | D:1      | Reached XP level 2. HP: 23/23 MP: 2/2
   605 | D:1      | Reached skill level 3 in Fighting
   605 | D:1      | Reached XP level 3. HP: 26/29 MP: 3/3
  1255 | D:2      | Noticed Robin
  1265 | D:2      | Reached XP level 4. HP: 27/35 MP: 4/4
  2051 | D:2      | Killed Robin
  2520 | D:2      | Reached XP level 5. HP: 41/41 MP: 5/5
  3188 | D:3      | Reached skill level 4 in Fighting
  3513 | D:3      | Found a glowing silver altar of Zin.
  3515 | D:3      | Found a shimmering altar of Xom.
  3515 | D:3      | Noticed an angel
  3967 | D:4      | Reached XP level 6. HP: 38/48 MP: 6/6
  4261 | D:4      | Found a bloodstained altar of Trog.
  4261 | D:4      | Noticed Natasha
  4267 | D:4      | Killed Natasha
  4535 | D:4      | Noticed Natasha
  4544 | D:4      | Killed Natasha
  4545 | D:4      | Reached skill level 5 in Short Blades
  4597 | D:4      | Reached XP level 7. HP: 21/55 MP: 7/7
  4654 | D:4      | Noticed Natasha
  4661 | D:4      | Killed Natasha
  4799 | D:4      | Noticed Grinder
  4834 | D:4      | Killed Grinder
  4835 | D:4      | Reached skill level 5 in Fighting
  5292 | D:5      | Entered Level 5 of the Dungeon
  5475 | D:5      | Noticed a yak
  5476 | D:5      | Noticed a yak
  5476 | D:5      | Noticed a yak
  5476 | D:5      | Noticed a yak
  5510 | D:4      | Killed a yak
  5511 | D:4      | Reached XP level 8. HP: 40/64 MP: 8/8
  5516 | D:4      | Killed a yak
  5517 | D:4      | Reached skill level 6 in Fighting
  5517 | D:4      | Reached skill level 5 in Throwing
  5669 | D:4      | Killed a yak
  5727 | D:5      | Killed a yak
  5802 | D:5      | Found a hide-covered altar of Uskayaw.
  6011 | D:5      | Found Abre's General Store.
  6015 | D:5      | Bought a scroll of fog for 22 gold pieces
  6015 | D:5      | Bought a potion of cancellation for 88 gold pieces
  6115 | D:5      | You fall into a shaft and drop 1 floor!
  6148 | D:6      | Reached skill level 7 in Fighting
  6331 | D:6      | Reached XP level 9. HP: 51/72 MP: 9/9
  6541 | D:6      | Found Litiso Kasad's Antique Weapon Emporium.
  6667 | D:6      | Noticed Prince Ribbit
  6676 | D:6      | Killed Prince Ribbit
  7800 | D:7      | Reached skill level 8 in Fighting
  7816 | D:7      | Reached skill level 10 in Short Blades
  8703 | D:8      | Noticed a two-headed ogre
  9093 | D:7      | Noticed a manticore
  9093 | D:7      | a two-headed ogre changed into a manticore
  9104 | D:7      | Killed a manticore
  9105 | D:7      | Reached skill level 9 in Fighting
  9342 | D:8      | Reached XP level 10. HP: 84/84 MP: 10/10
  9437 | D:8      | Noticed Erica
  9455 | D:8      | Killed Erica
  9456 | D:8      | Reached skill level 10 in Fighting
 10072 | D:8      | Reached skill level 1 in Long Blades
 10786 | D:9      | Found a runed translucent gate.
 10788 | D:9      | Identified the +6 quarterstaff "Batinin" {vorpal, rC+
                  | Dex+4}
 10788 | D:9      | Noticed Astera's ghost (novice GnWn)
 10791 | D:9      | Found a runed translucent gate.
 10791 | D:9      | Found a runed translucent gate.
 10905 | D:9      | Found a hide-covered altar of Uskayaw.
 10908 | D:9      | Found a sacrificial altar of Ru.
 10911 | D:9      | Found a radiant altar of Vehumet.
 10912 | D:9      | Found an ancient bone altar of Kikubaaqudgha.
 10913 | D:9      | Found a hazy altar of Hepliaklqana.
 10914 | D:9      | Found a broken altar of Ashenzari.
 11339 | D:9      | Became a worshipper of Uskayaw the Reveller
 11384 | D:10     | Entered Level 10 of the Dungeon
 11389 | D:10     | Reached * piety under Uskayaw
 11400 | D:10     | Reached ** piety under Uskayaw
 11405 | D:10     | Reached *** piety under Uskayaw
 11471 | D:9      | Reached skill level 1 in Armour
 11815 | D:10     | Reached skill level 1 in Invocations
 11878 | D:10     | Reached skill level 11 in Fighting
 12559 | D:10     | Noticed a two-headed ogre
 12563 | D:10     | Reached XP level 11. HP: 64/93 MP: 12/12
 12565 | D:10     | Reached **** piety under Uskayaw
 12566 | D:10     | Noticed a sphinx
 12572 | D:10     | Paralysed by a sphinx for 2 turns
 12944 | D:10     | Killed a sphinx
 12945 | D:10     | Reached skill level 5 in Long Blades
 13223 | D:10     | Killed a two-headed ogre
 13224 | D:10     | Reached skill level 5 in Armour
 13245 | D:10     | Killed an unseen horror
 13246 | D:10     | Reached skill level 12 in Fighting
 13599 | D:11     | Found a staircase to the Lair.
 13766 | D:11     | Noticed a cyclops
 13776 | D:11     | Killed a cyclops
 13808 | D:11     | Killed an unseen horror
 13809 | D:11     | Reached skill level 5 in Invocations
 13995 | D:11     | Reached ***** piety under Uskayaw
 13997 | D:11     | Reached XP level 12. HP: 54/103 MP: 15/15
 14318 | D:11     | Noticed a two-headed ogre
 14331 | D:11     | Killed a two-headed ogre
 14332 | D:11     | Reached skill level 13 in Fighting
 14819 | Lair:1   | Entered Level 1 of the Lair of Beasts
 15941 | Lair:2   | Found a staircase to the Shoals.
 16414 | Lair:2   | Noticed Gastronok
 16737 | Lair:2   | Reached skill level 10 in Long Blades
 16738 | Lair:2   | Reached ****** piety under Uskayaw
 17235 | Lair:2   | Found a white marble altar of Elyvilon.
 17363 | Lair:2   | Killed Gastronok
 17364 | Lair:2   | Reached skill level 14 in Fighting
 17364 | Lair:2   | Reached skill level 5 in Dodging
 18045 | Lair:2   | Gained mutation: You can hop long distances. [Barachi
                  | growth]
 18045 | Lair:2   | Reached XP level 13. HP: 66/113 MP: 12/17
 21133 | Lair:3   | Found a hole to the Spider Nest.
 21914 | Lair:4   | Noticed Nessos
 21937 | Lair:4   | Killed Nessos
 21938 | Lair:4   | Reached skill level 1 in Evocations
 22151 | Lair:4   | Found a gate leading to a gauntlet.
 22174 | Gauntlet | Entered a Gauntlet
 22174 | Gauntlet | Found a transporter.
 22264 | Gauntlet | Found a transporter.
 22267 | Gauntlet | Found a transporter.
 22268 | Gauntlet | Found a transporter.
 22276 | Gauntlet | Found a transporter.
 22279 | Gauntlet | Found a transporter.
 22280 | Gauntlet | Found a transporter.
 22288 | Gauntlet | Found a transporter.
 22291 | Gauntlet | Found a transporter.
 22292 | Gauntlet | Found a transporter.
 22299 | Gauntlet | Found a runed translucent door.
 22302 | Gauntlet | Found a transporter.
 22304 | Gauntlet | Found a transporter.
 22305 | Gauntlet | Found a transporter.
 22317 | Gauntlet | Found a transporter.
 22992 | Gauntlet | Reached skill level 15 in Fighting
 23019 | Gauntlet | Identified the ring "Hoezoesk" {Fire rElec Str+2 Dex+5}
 23481 | Gauntlet | Noticed a minotaur
 23482 | Gauntlet | Found the macabre finger necklace {rN+}
 23533 | Gauntlet | Slain by a minotaur

Illustrated notes

Levels and vault maps discovered:
D:1:      dpeg_arrival_long_road, layout_loops_cross
D:2:      layout_rooms, uniq_robin
D:3:      cheibrodos_old_hovel, layout_loops_ring,
          grunt_temple_overflow_order_and_chaos_1, kennysheep_crisscross
D:4:      cheibrodos_pilgrimage, layout_basic, serial_glass, glass_columns_b,
          glass_columns_c, glass_columns_b, glass_columns_a, glass_columns_a,
          glass_columns_a, glass_columns_b, glass_columns_a, glass_columns_b,
          glass_columns_c, minmay_strange_pillars, due_unseen_surprise,
          trog_hazing_becter, uniq_natasha, uniq_grinder
D:5:      layout_rooms, minmay_temple_entry_nine_rooms, basic_altar,
          serial_shops, nicolae_shop_behind_doors
D:6:      layout_gridville, serial_shops, nicolae_shop_overgrown_old_shop,
          uniq_prince_ribbit1
D:7:      layout_loops_cross
D:8:      layout_basic, minmay_misc_feat_encased, uniq_erica
D:9:      layout_basic, minitemple, biasface_ghost_orc_armoury
D:10:     layout_basic, evilmike_minifort
D:11:     layout_loops_ring, david_lair_generic
Lair:1:   layout_regular_city
Lair:2:   layout_regular_city, elwin_shoals_entry_rocks, basic_altar,
          grunt_forest_small_clearings, lemuel_old_faithful,
          serial_bayou_shore_a, uniq_gastronok
Lair:3:   layout_regular_city, spider_nest_entry_web_field
Lair:4:   layout_hall_layers, ebering_ghost_inner_flame, gauntlet_entry_generic,
          kb_xom_exploding_sheep, uniq_nessos
Gauntlet: gammafunk_gauntlet_77_escape_option [minmay_gauntlet_arena_77_fan,
          minmay_gauntlet_arena_77_hold_the_fort,
          minmay_gauntlet_arena_77_block_sizes, minmay_gauntlet_arena_77_path,
          minmay_gauntlet_arena_77_chump_sandwich, gauntlet_exit_spiral]

Skill      XL: |  1  2  3  4  5  6  7  8  9 10 11 12 13 |
---------------+----------------------------------------+-----
Fighting       | 3 4 5 7 9 11 12 14 15 | 15.1
Dodging        | 2 5 7 |  7.8
Stealth        | 4 |  4.0
Short Blades   | 3 4 5 6 9 10 | 10.0
Throwing       | 3 4 5 7 8 |  8.4
Long Blades    | 4 8 10 11 | 11.8
Armour         | 3 5 |  5.0
Invocations    | 2 5 6 7 |  7.4
Evocations     | 2 |  2.7

Action                   |  1- 3 |  4- 6 |  7- 9 | 10-12 | 13-15 || total
-------------------------+-------+-------+-------+-------+-------++-------
Melee: Dagger            |   111 |   250 |   304 |   760 |   163 ||  1588
       Scimitar          |       |       |       |       |   111 ||   111
Throw: Dart              |     8 |    28 |   133 |   236 |   120 ||   525
       Boomerang         |       |       |       |    15 |    43 ||    58
Invok: Line Pass         |       |       |       |     4 |     5 ||     9
       Stomp             |       |       |       |     2 |       ||     2
       Grand Finale      |       |       |       |     1 |       ||     1
 Abil: Hop               |       |       |     1 |     2 |     3 ||     6
Evoke: Wand              |       |       |     3 |     1 |     6 ||    10
  Use: Potion            |       |     1 |     4 |       |    12 ||    17
       Scroll            |       |       |     7 |    12 |     4 ||    23
 Stab: Sleeping          |     7 |       |       |       |       ||     7
       Invisible         |       |       |     7 |     7 |     2 ||    16
       Paralysed         |       |       |       |     8 |    13 ||    21
       Confused          |       |       |       |     5 |     2 ||     7
Armor: Ring mail         |    37 |       |       |       |       ||    37
       Scale mail        |     2 |    46 |   121 |   311 |   124 ||   604
       Chain mail        |       |    71 |     5 |       |       ||    76
       Plate armour      |       |       |       |       |    18 ||    18
Dodge: Dodged            |    49 |   130 |   162 |   397 |   203 ||   941
       Rpst.: Scimitar   |       |       |       |       |    20 ||    20

Table legend: (Time is in decaauts)
 A = Elapsed time spent in this place.
 B = Non-inter-level travel time spent in this place.
 C = Inter-level travel time spent in this place.
 D = Time resting spent in this place.
 E = Time spent auto-exploring this place.
 F = Levels seen in this place.
 G = Mean time per level.
                   A        B        C        D        E       F      G
               +--------+--------+--------+--------+--------+-----+--------+
         Total |  24726 |  23870 |    856 |   9425 |  10272 |  16 | 1545.4 |
       Dungeon |  15733 |  15061 |    672 |   5205 |   7067 |  11 | 1430.3 |
          Lair |   7617 |   7433 |    184 |   3371 |   3029 |   4 | 1904.2 |
      Gauntlet |   1375 |   1375 |      0 |    849 |    176 |   1 | 1375.0 |
               +--------+--------+--------+--------+--------+-----+--------+

Top non-repeatable levels by time:
  Lair:1: 2959 daAuts
  Lair:2: 2522 daAuts
     D:4: 1859 daAuts
     D:1: 1859 daAuts
  Lair:3: 1836 daAuts
     D:9: 1750 daAuts
    D:10: 1693 daAuts
     D:8: 1604 daAuts
     D:7: 1552 daAuts
Gauntlet: 1375 daAuts
     D:6: 1323 daAuts
    D:11: 1251 daAuts
     D:2: 1211 daAuts
     D:3: 1141 daAuts
     D:5: 486 daAuts
